[Event "fics rated crazyhouse match"]
[Site "fics, Oklahoma City, OK USA"]
[Date "2000.01.15"]
[White "LINDEGREN"]
[WhiteElo "2236"]
[Black "Tecumseh"]
[BlackElo "2232"]
[TimeControl "120+0"]
[Result "1-0"]

1. g3 f6 2. h3 Nh6 3. Bg2 Nf7 4. Nf3 c6 5. O-O Na6 6. d4 
Nc7 7. e4 d5 8. e5 e6 9. Bf4 f5 10. Nc3 h6 11. h4 Rg8 
12. h5 Be7 13. Qd2 Ng5 14. Bxg5 hxg5 15. N@g6 B@f7 16. Nxe7 Qxe7 17. B@d6 
Qd7 18. Bxc7 Qxc7 19. N@d6+ Kf8 20. Nxg5 B@h6 21. Nh7+ Ke7 22. P@f6+ Kd8 
23. Qxh6 gxh6 24. B@e7+ Kd7 25. Nxf7 b6 26. Bd6 Qb7 27. Nxh6 Qa6 28. f7 
Bb7 29. Nxg8 Q@d8 30. P@e7 Qb8 31. Bxb8 Qxf1# 
{Tecumseh resigns} 1-0

[Event "fics rated crazyhouse match"]
[Site "fics, Oklahoma City, OK USA"]
[Date "2000.01.15"]
[White "Tecumseh"]
[WhiteElo "2224"]
[Black "LINDEGREN"]
[BlackElo "2244"]
[TimeControl "120+0"]
[Result "1-0"]

1. e4 g6 2. d4 h6 3. Nf3 Bg7 4. Nc3 d6 5. Bc4 e6 6. d5 
e5 7. O-O Nf6 8. Be3 Ng4 9. Qd2 Nxe3 10. fxe3 O-O 11. N@e6 fxe6 
12. dxe6 Kh7 13. Nxe5 dxe5 14. Qxd8 Rxd8 15. e7 N@g5 16. exd8=Q N@h3+ 17. gxh3 
Nxh3+ 18. Kh1 P@g2+ 19. Kxg2 Nf4+ 20. exf4 B@h3+ 21. Kf2 Q@d2+ 22. Qxd2 exf4 
23. Q@g8# 
{LINDEGREN checkmated} 1-0

[Event "fics rated crazyhouse match"]
[Site "fics, Oklahoma City, OK USA"]
[Date "2000.01.15"]
[White "LINDEGREN"]
[WhiteElo "2236"]
[Black "Tecumseh"]
[BlackElo "2232"]
[TimeControl "120+0"]
[Result "1-0"]

1. f3 d5 2. g3 e5 3. Nh3 Nf6 4. Nf2 Nc6 5. Bg2 Bc5 6. e3 
d4 7. O-O dxe3 8. dxe3 O-O 9. Nc3 Qxd1 10. Rxd1 P@d4 11. exd4 Bxd4 
12. P@e3 Bxc3 13. bxc3 P@e2 14. Re1 e4 15. B@g5 exf3 16. Bxf6 gxf6 17. P@g7 
N@h8 18. gxf8=Q+ Kxf8 19. Ba3+ P@d6 20. Bxd6+ cxd6 21. P@g7+ Kxg7 22. N@h5+ Kf8 
23. Q@g7+ Ke7 24. Qxf6+ Kd7 25. Bh3+ P@e6 26. Qxh8 P@g2 27. Nf6+ Kc7 28. N@d5+ 
exd5 29. Nxd5+ Kb8 30. P@c7# 
{Tecumseh checkmated} 1-0

[Event "fics rated crazyhouse match"]
[Site "fics, Oklahoma City, OK USA"]
[Date "2000.01.15"]
[White "Tecumseh"]
[WhiteElo "2224"]
[Black "LINDEGREN"]
[BlackElo "2244"]
[TimeControl "120+0"]
[Result "1-0"]

1. e4 g6 2. d4 Bg7 3. Nf3 Nh6 4. Bc4 e6 5. e5 d6 6. Bxh6 
Bxh6 7. N@f6+ Kf8 8. g4 dxe5 9. Nxe5 P@d2+ 10. Nxd2 Qxd4 11. Ndf3 P@d2+ 
12. Kf1 Qf4 13. P@e7+ Kxe7 14. h4 Qxf6 15. g5 P@g2+ 16. Kxg2 N@f4+ 17. Kh2 
Qf5 18. P@f6+ Ke8 19. P@g4 Qe4 20. Qxd2 B@d5 21. Bxd5 exd5 22. P@g3 Ne6 
23. Nxf7 Kxf7 24. gxh6 Qe3 25. Qxe3 N@e4 26. Ne5+ Kxf6 27. Q@f7+ Kxe5 28. B@f4+ 
Nxf4 29. gxf4+ Kd6 30. B@c5+ Kc6 31. Qe6# 
{LINDEGREN forfeits on time} 1-0

[Event "fics rated crazyhouse match"]
[Site "fics, Oklahoma City, OK USA"]
[Date "2000.01.15"]
[White "LINDEGREN"]
[WhiteElo "2236"]
[Black "Tecumseh"]
[BlackElo "2232"]
[TimeControl "120+0"]
[Result "1-0"]

1. g3 Nc6 2. f3 d5 3. Nh3 e5 4. Nf2 Nf6 5. Bg2 Bc5 6. e3 
O-O 7. O-O Be6 8. c3 Qd7 9. d4 Bd6 10. dxe5 Nxe5 11. P@g5 Nh5 
12. e4 P@h3 13. Nxh3 Bxh3 14. Bxh3 Qxh3 15. B@g2 Qd7 16. P@h6 dxe4 17. hxg7 
Nxg7 18. fxe4 P@h3 19. Bxh3 Qxh3 20. P@g2 Qxh2+ 21. Kxh2 N@g4+ 22. Kh1 Ng6 
23. P@f6 Bxg3 24. Qxg4 
{Tecumseh resigns} 1-0

[Event "fics rated crazyhouse match"]
[Site "fics, Oklahoma City, OK USA"]
[Date "2000.01.15"]
[White "Tecumseh"]
[WhiteElo "2224"]
[Black "LINDEGREN"]
[BlackElo "2244"]
[TimeControl "120+0"]
[Result "0-1"]

1. e4 Nh6 2. d4 g6 3. Bc4 e6 4. e5 d6 5. Nf3 Nc6 6. Bg5 
Ne7 7. Bxh6 Bxh6 8. exd6 cxd6 9. P@f6 Nf5 10. Bb5+ B@c6 11. Bxc6+ bxc6 
12. g4 P@e3 13. gxf5 exf2+ 14. Kxf2 gxf5 15. P@e7 Qa5 16. N@g7+ Kd7 17. N@e5+ 
Kc7 18. Nc4 Qd5 19. Nxd6 Kxd6 20. B@e5+ Kd7 21. P@d2 N@g4+ 22. Kg2 P@h3+ 
23. Kxh3 Nf2+ 24. Kg2 Nxd1 25. Rxd1 B@h3+ 26. Kxh3 Q@g4# 
{Tecumseh checkmated} 0-1

[Event "fics rated crazyhouse match"]
[Site "fics, Oklahoma City, OK USA"]
[Date "2000.01.15"]
[White "LINDEGREN"]
[WhiteElo "2252"]
[Black "Tecumseh"]
[BlackElo "2216"]
[TimeControl "120+0"]
[Result "1-0"]

1. g3 Nc6 2. Nh3 Nf6 3. f3 d5 4. Nf2 e5 5. Bg2 Bc5 6. e3 
d4 7. O-O dxe3 8. dxe3 O-O 9. Qxd8 Rxd8 10. Nc3 P@d4 11. Nce4 dxe3 
12. Nxf6+ gxf6 13. Bxe3 Bxe3 14. P@g7 N@g6 15. P@h5 B@h6 16. hxg6 Bxg7 17. gxf7+ 
Kxf7 18. N@g4 Bxg4 19. fxg4 P@e2 20. B@c4+ P@d5 21. Bcxd5+ Rxd5 22. Bxd5+ P@e6 
23. Bxe6+ Kxe6 24. P@f5+ Kf7 25. Q@e6+ Kf8 26. N@d7# 
{Tecumseh checkmated} 1-0

[Event "fics rated crazyhouse match"]
[Site "fics, Oklahoma City, OK USA"]
[Date "2000.01.15"]
[White "Tecumseh"]
[WhiteElo "2209"]
[Black "LINDEGREN"]
[BlackElo "2259"]
[TimeControl "120+0"]
[Result "1-0"]

1. e4 g6 2. Bc4 e6 3. d4 d6 4. Nf3 Nc6 5. Nc3 Na5 6. Bb5+ 
c6 7. Be2 Bg7 8. b4 f6 9. bxa5 Qxa5 10. Bd2 Qd8 11. O-O Nh6 
12. Bxh6 Bxh6 13. N@g4 Bg7 14. e5 O-O 15. N@h6+ Kh8 16. exf6 Bxf6 17. Nxf6 
Qxf6 18. B@g5 Qg7 19. P@f6 Qc7 20. Ne5 N@e8 21. Nxg6+ hxg6 22. Bh5 Nxf6 
23. Bxf6+ Rxf6 24. P@g5 Rf8 25. Bxg6 N@h4 26. N@f7+ Rxf7 27. Nxf7+ Kg7 28. Qh5 
Nxg6 29. R@h7+ Kf8 30. Qxg6 N@f4 31. Rh8+ Ke7 32. N@g8+ Kd7 33. Nf6+ Ke7 
34. Re8# 
{LINDEGREN checkmated} 1-0

[Event "fics rated crazyhouse match"]
[Site "fics, Oklahoma City, OK USA"]
[Date "2000.01.15"]
[White "LINDEGREN"]
[WhiteElo "2250"]
[Black "Tecumseh"]
[BlackElo "2218"]
[TimeControl "120+0"]
[Result "0-1"]

1. g3 Nf6 2. Nh3 d5 3. f3 e5 4. Nf2 Nc6 5. Bg2 Bd6 6. O-O 
O-O 7. d3 Be6 8. e4 d4 9. Nd2 Qd7 10. Qe2 Nh5 11. Nc4 f5 
12. Nxd6 cxd6 13. exf5 Bxf5 14. P@g4 P@e3 15. gxf5 exf2+ 16. Rxf2 Qxf5 17. B@g4 
Qg6 18. Bxh5 Qxh5 19. B@e6+ Kh8 20. Bg4 Qe8 21. P@h6 B@f6 22. N@h5 P@e3 
23. Rf1 gxh6 24. Nxf6 Rxf6 25. c3 P@f2+ 26. Kh1 Rg6 27. B@h5 N@f6 28. B2h3 
N@g5 29. Bg2 Nxg4 30. fxg4 N@h3 31. N@f6 Qf7 32. Bxg6 hxg6 33. Ne4 Nxe4 
34. dxe4 Ng1 35. Qd3 B@f3 36. N@h4 Bxg2+ 37. Nxg2 B@h3 38. Ne1 B@f3+ 39. B@g2 
Bfxg2+ 40. Nxg2 Bxg2+ 41. Kxg2 B@f3# 
{LINDEGREN checkmated} 0-1

[Event "fics rated crazyhouse match"]
[Site "fics, Oklahoma City, OK USA"]
[Date "2000.01.15"]
[White "Tecumseh"]
[WhiteElo "2227"]
[Black "LINDEGREN"]
[BlackElo "2241"]
[TimeControl "120+0"]
[Result "0-1"]

1. e4 f6 2. d4 e6 3. Nf3 Ne7 4. Nc3 d6 5. Be2 g6 6. O-O 
Bg7 7. d5 e5 8. Bb5+ Kf7 9. Ng5+ fxg5 10. Bxg5 h6 11. P@e6+ Kg8 
12. Qf3 hxg5 13. Qf7+ Kh7 14. Bd7 N@h6 15. Bxc8 Nxf7 16. exf7 Qxc8 17. B@e6 
Qf8 18. N@f3 B@h6 19. Ne2 B@h5 20. Ng3 Bxf3 21. gxf3 N@f4 22. B@f5 Q@g2# 
{Tecumseh checkmated} 0-1

[Event "fics rated crazyhouse match"]
[Site "fics, Oklahoma City, OK USA"]
[Date "2000.01.15"]
[White "LINDEGREN"]
[WhiteElo "2249"]
[Black "Tecumseh"]
[BlackElo "2219"]
[TimeControl "120+0"]
[Result "1-0"]

1. f3 Nc6 2. g3 d5 3. Nh3 e5 4. Nf2 Nf6 5. Bg2 d4 6. O-O 
Nd5 7. e4 dxe3 8. dxe3 Bc5 9. Qe2 O-O 10. Nc3 Nxc3 11. bxc3 N@d5 
12. N@e4 Be7 13. P@d4 f5 14. c4 fxe4 15. cxd5 exf3 16. Bxf3 Rxf3 17. Qxf3 
N@g5 18. P@f7+ Nxf7 19. dxc6 bxc6 20. N@h5 B@g5 21. e4 P@g6 22. Nxg7 Kxg7 
23. h4 Bxc1 24. Raxc1 N@g5 25. hxg5 Nxg5 26. P@h6+ Kxh6 27. N@f7+ Nxf7 28. Qxf7 
N@e2+ 29. Kh1 P@g2+ 30. Kxg2 P@h3+ 31. Kh2 
{Tecumseh forfeits on time} 1-0

[Event "fics rated crazyhouse match"]
[Site "fics, Oklahoma City, OK USA"]
[Date "2000.01.15"]
[White "Tecumseh"]
[WhiteElo "2212"]
[Black "LINDEGREN"]
[BlackElo "2256"]
[TimeControl "120+0"]
[Result "1-0"]

1. e4 g6 2. Bc4 Bg7 3. d4 Nh6 4. Nf3 O-O 5. Nc3 d6 6. O-O 
c6 7. Bf4 e6 8. Qd2 Nf5 9. exf5 exf5 10. Bg5 Qc7 11. N@h6+ Kh8 
12. d5 c5 13. Nb5 Qd7 14. Nxd6 Qxd6 15. P@e5 Qc7 16. d6 Qd7 17. Bf6 
N@e8 18. Bxg7+ Nxg7 19. B@f6 Nc6 20. Ng5 B@e6 21. Bxe6 fxe6 22. Bxg7+ Qxg7 
23. B@f6 Rxf6 24. exf6 Qxh6 25. N@f7# 
{LINDEGREN resigns} 1-0

[Event "fics rated crazyhouse match"]
[Site "fics, Oklahoma City, OK USA"]
[Date "2000.01.15"]
[White "LINDEGREN"]
[WhiteElo "2247"]
[Black "Tecumseh"]
[BlackElo "2221"]
[TimeControl "120+0"]
[Result "0-1"]

1. g3 Nc6 2. Bg2 d5 3. Nh3 e5 4. f3 Nf6 5. Nf2 h5 6. e3 
h4 7. gxh4 Rxh4 8. P@g3 P@h3 9. gxh4 hxg2 10. Rg1 B@f1 11. Nc3 e4 
12. fxe4 Nxe4 13. Ncxe4 dxe4 14. Rxf1 N@f3+ 15. Qxf3 exf3 16. B@c4 gxf1=Q+ 17. Bxf1 
R@g1 18. R@e4+ P@e5 19. N@g3 Bf5 20. Rc4 Bxc2 21. Rxc2 P@g2 22. B@c4 gxf1=Q+ 
23. Nxf1 B@d5 
{LINDEGREN forfeits on time} 0-1

[Event "fics rated crazyhouse match"]
[Site "fics, Oklahoma City, OK USA"]
[Date "2000.01.15"]
[White "Tecumseh"]
[WhiteElo "2230"]
[Black "LINDEGREN"]
[BlackElo "2238"]
[TimeControl "120+0"]
[Result "0-1"]

1. e4 g6 2. d4 Bg7 3. Nf3 Nf6 4. Nc3 h6 5. Be2 O-O 6. O-O 
d6 7. Be3 Ng4 8. Qd2 Nxe3 9. fxe3 Nc6 10. Bc4 Na5 11. Bd3 c5 
12. Rae1 B@f6 13. Nd5 cxd4 14. Nxf6+ exf6 15. exd4 N@c4 16. Qe2 Nxb2 17. P@f5 
Nxd3 18. fxg6 fxg6 19. cxd3 P@f7 20. N@f4 B@g4 21. N@h4 P@h7 22. d5 Bxf3 
23. Rxf3 N@d4 24. Qf2 Nxf3+ 25. Nxf3 P@e5 26. Nh3 Bxh3 27. gxh3 N@f4 28. P@g2 
Nxd3 29. Qe2 Nxe1 30. Qxe1 R@b2 31. B@e3 R@b1 32. B@c1 Rxa2 33. B@d2 P@b2 
34. Bxh6 bxc1=Q 35. Bxc1 P@f2+ 36. Qxf2 Rxc1+ 37. Bxc1 Rxf2 38. N@h6+ Bxh6 39. Kxf2 
B@e3+ 40. Bxe3 Bxe3# 
{Tecumseh resigns} 0-1

[Event "fics rated crazyhouse match"]
[Site "fics, Oklahoma City, OK USA"]
[Date "2000.01.15"]
[White "Thufir"]
[WhiteElo "2399"]
[Black "Tecumseh"]
[BlackElo "2222"]
[TimeControl "180+0"]
[Result "1-0"]

1. e4 Nc6 2. d4 d5 3. exd5 Qxd5 4. Nf3 Bg4 5. Nc3 Bxf3 6. Nxd5 
Bxd5 7. c4 Be4 8. P@d3 Bf5 9. Be3 Rd8 10. d5 Ne5 11. Bxa7 Nxc4 
12. Q@a4+ P@c6 13. Qxc4 Rxd5 14. P@e4 N@d6 15. Qca4 Bxe4 16. dxe4 Rxd1+ 17. Rxd1 
P@b5 18. R@a8+ N@d8 19. Bxb5 P@c2 20. B@d7+ Kxd7 21. N@c5# 
{Tecumseh resigns} 1-0

[Event "fics rated crazyhouse match"]
[Site "fics, Oklahoma City, OK USA"]
[Date "2000.01.15"]
[White "Tecumseh"]
[WhiteElo "2218"]
[Black "Thufir"]
[BlackElo "2403"]
[TimeControl "180+0"]
[Result "0-1"]

1. e4 e6 2. d4 Nc6 3. Nf3 Nf6 4. Nc3 Bb4 5. Bg5 Nxe4 6. Bxd8 
Nxc3 7. bxc3 Bxc3+ 8. N@d2 Kxd8 9. Bd3 B@a5 10. O-O P@g4 11. Ng5 N@h6 
12. Nde4 Bxd4 13. Q@h5 P@g6 14. Qxh6 gxh6 15. Nxf7+ Ke7 16. Nxh8 Bxh8 17. R@g8 
P@f3 18. Rxh8 N@h3+ 19. Kh1 fxg2+ 20. Kxg2 P@f3+ 21. Kg3 Q@f4+ 22. Kh4 g5+ 
23. Kh5 Qf7+ 24. Kxg4 Qf5+ 25. Kg3 Qf4# 
{Tecumseh resigns} 0-1

[Event "fics rated crazyhouse match"]
[Site "fics, Oklahoma City, OK USA"]
[Date "2000.01.15"]
[White "Thufir"]
[WhiteElo "2407"]
[Black "Tecumseh"]
[BlackElo "2214"]
[TimeControl "180+0"]
[Result "1-0"]

1. e4 Nc6 2. d4 d5 3. exd5 Qxd5 4. Nf3 Bg4 5. Nc3 Bxf3 6. Nxd5 
Bxd5 7. c4 Be4 8. P@d3 Bf5 9. Be3 Rd8 10. d5 Ne5 11. Bxa7 Nf6 
12. P@d4 Neg4 13. Be2 Nxf2 14. Kxf2 N@g4+ 15. Bxg4 Nxg4+ 16. Ke2 N@f4+ 17. Kd2 
B@e3+ 18. Kc2 Bxd3+ 19. Kb3 e6 20. Q@a4+ P@d7 21. Qxg4 b5 22. Qxb5 exd5 
23. N@e5 dxc4+ 24. Nxc4 P@f5 25. Qd1 Bxc4+ 26. Qxc4 N@a5+ 27. Kc3 Nxc4 28. B@c5 
Bxc5 29. Bxc5 B@d2+ 30. Kb3 Na5+ 31. Ka4 Q@c4+ 32. P@b4 P@b5+ 33. Kxa5 Ra8+ 
34. B@a7 P@b6+ 35. Ka6 bxc5 36. P@b7 O-O 37. N@e7+ Kh8 38. bxa8=Q Rxa8 39. N@b8 
P@b7+ 40. Kxb7 B@e4+ 41. P@c6 Rxa7+ 42. Kxa7 B@g8 43. R@c8 f6 44. R@d8 Bd5 
45. Nxd5 Qxd5 46. Rxg8+ Qxg8 47. N@f7# 
{Tecumseh checkmated} 1-0

[Event "fics rated crazyhouse match"]
[Site "fics, Oklahoma City, OK USA"]
[Date "2000.01.15"]
[White "Tecumseh"]
[WhiteElo "2210"]
[Black "Thufir"]
[BlackElo "2411"]
[TimeControl "180+0"]
[Result "0-1"]

1. e4 e6 2. d4 Nc6 3. Nf3 Nf6 4. e5 Nd5 5. Bd3 d6 6. O-O 
dxe5 7. dxe5 P@g4 8. Ng5 Nxe5 9. P@f4 Nxd3 10. cxd3 B@h5 11. N@e5 P@f6 
12. Ngxf7 Bxf7 13. Nxf7 Kxf7 14. Nc3 N@h6 15. B@h5+ g6 16. Bxg4 Nxg4 17. Qxg4 
B@f5 18. Qh4 Nxc3 19. bxc3 Bg7 20. P@h6 N@e2+ 21. Kh1 Bxh6 22. Qxh6 P@g7 
23. Qh3 Bxh3 
{Tecumseh resigns} 0-1

[Event "fics rated crazyhouse match"]
[Site "fics, Oklahoma City, OK USA"]
[Date "2000.01.15"]
[White "Thufir"]
[WhiteElo "2415"]
[Black "Tecumseh"]
[BlackElo "2206"]
[TimeControl "180+0"]
[Result "1-0"]

1. e4 Nc6 2. d4 d5 3. e5 Bf5 4. Nc3 e6 5. Nf3 h6 6. Be2 
Bb4 7. Bd2 Nge7 8. O-O Bh7 9. a3 Bxc3 10. bxc3 Nf5 11. B@c5 N@d7 
12. Bb4 a5 13. Bc5 Nxc5 14. dxc5 B@e7 15. N@d6+ cxd6 16. exd6 Nxd6 17. cxd6 
Bxd6 18. N@h5 Rg8 19. P@f6 gxf6 20. Bxh6 P@h3 21. Ng7+ Kd7 22. gxh3 N@f5 
23. P@g2 Nxh6 24. Nh5 B@f5 25. P@g4 Bxc2 26. Qd2 P@f4 27. Nxf4 Nxg4 28. hxg4 
Rxg4 29. P@g3 Bxf4 30. gxf4 P@h3 31. N@c5+ Ke7 32. B@g3 hxg2 33. Kxg2 P@e4 
34. P@e5 exf3+ 35. Bxf3 N@h4+ 36. Kh3 Nxf3 37. exf6+ Kd6 38. Nxb7+ Kc7 39. Nxd8 
B@g2+ 40. Kxg2 N@h4+ 41. Kh3 Rxg3+ 42. Kxg3 Nxd2 43. P@d6+ Kxd6 44. P@e5+ Kc5 
45. B@d6+ Kc4 46. R@c5+ Kd3 47. Q@e3# 
{Tecumseh checkmated} 1-0

[Event "fics rated crazyhouse match"]
[Site "fics, Oklahoma City, OK USA"]
[Date "2000.01.15"]
[White "Tecumseh"]
[WhiteElo "2202"]
[Black "Thufir"]
[BlackElo "2419"]
[TimeControl "180+0"]
[Result "0-1"]

1. e4 e6 2. d4 Nc6 3. Nf3 Nf6 4. Nc3 Bb4 5. Bd3 d5 6. e5 
Ne4 7. Bd2 Nxd2 8. Qxd2 B@g4 9. Ng5 Nxd4 10. Bxh7 Bxc3 11. bxc3 Qxg5 
12. B@f4 N@f3+ 13. gxf3 Nxf3+ 14. Kf1 Bh3+ 15. Ke2 Nxd2 16. Bxg5 P@f3+ 17. Kxd2 
N@c4+ 18. Kd3 Q@e2+ 19. Kd4 Qxe5+ 20. Kc5 Qd6+ 21. Kd4 Qe5+ 22. Kc5 Qxg5 
23. P@c6 B@d6+ 24. Kb5 bxc6+ 25. Ka4 P@b5+ 26. Kb3 P@a4# 
{Tecumseh checkmated} 0-1

[Event "fics rated crazyhouse match"]
[Site "fics, Oklahoma City, OK USA"]
[Date "2000.01.15"]
[White "Thufir"]
[WhiteElo "2423"]
[Black "Tecumseh"]
[BlackElo "2198"]
[TimeControl "180+0"]
[Result "1-0"]

1. e4 Nc6 2. d4 d5 3. exd5 Qxd5 4. Nf3 Bg4 5. Nc3 Bxf3 6. Nxd5 
Bxd5 7. P@c4 Be4 8. Be3 Rd8 9. d5 Ne5 10. f3 N@f5 11. Bxa7 Ne3 
12. Bxe3 
{Tecumseh resigns} 1-0

[Event "fics rated crazyhouse match"]
[Site "fics, Oklahoma City, OK USA"]
[Date "2000.01.15"]
[White "Tecumseh"]
[WhiteElo "2195"]
[Black "Thufir"]
[BlackElo "2426"]
[TimeControl "180+0"]
[Result "1-0"]

1. e4 e6 2. d4 Nc6 3. Nf3 Nf6 4. Nc3 Bb4 5. e5 Ne4 6. Bd2 
d5 7. Nxe4 dxe4 8. Bxb4 Nxb4 9. B@h4 B@e7 10. Bxe7 Qxe7 11. B@c5 exf3 
12. Bxe7 Nc6 13. Bb5 Bd7 14. Bd6 B@a5+ 15. c3 cxd6 16. exd6 fxg2 17. Rg1 
B@g5 18. N@f3 P@d2+ 19. Ke2 N@c1+ 20. Rxc1 dxc1=N+ 21. Ke1 Bxc3+ 22. bxc3 P@d2+ 
23. Nxd2 Bxd2+ 24. Kxd2 N@e4+ 25. Kxc1 R@a1+ 26. B@b1 Nxd6 27. N@c7+ Kf8 28. P@f6 
Rxb1+ 29. Kxb1 N@a3+ 30. Ka1 P@b2+ 31. Kxb2 Ndc4+ 32. Bxc4 Nxc4+ 33. Kc2 B@g6+ 
34. P@d3 Na3+ 35. Kb2 B@d6 36. fxg7+ Kxg7 37. P@f6+ Kxf6 38. N@g4+ Ke7 39. B@f6+ 
Kf8 40. P@g7+ Kg8 41. gxh8=Q# 
{Thufir checkmated} 1-0

[Event "fics rated crazyhouse match"]
[Site "fics, Oklahoma City, OK USA"]
[Date "2000.01.15"]
[White "Thufir"]
[WhiteElo "2413"]
[Black "Tecumseh"]
[BlackElo "2208"]
[TimeControl "180+0"]
[Result "0-1"]

1. e4 Nc6 2. d4 d5 3. exd5 Qxd5 4. Nf3 Bg4 5. Nc3 Bxf3 6. Nxd5 
Bxd5 7. c4 Be4 8. P@d3 Bf5 9. Be2 Nxd4 10. Be3 N@c2+ 11. Kf1 Nxe2 
12. Qxc2 N@d4 13. Qd2 B@c6 14. Bxd4 Nxd4 15. N@g3 Bxg2+ 16. Kxg2 B@h3+ 17. Kg1 
Nf3# 
{Thufir checkmated} 0-1

[Event "fics rated crazyhouse match"]
[Site "fics, Oklahoma City, OK USA"]
[Date "2000.01.15"]
[White "Tecumseh"]
[WhiteElo "2220"]
[Black "Thufir"]
[BlackElo "2401"]
[TimeControl "180+0"]
[Result "0-1"]

1. e4 e6 2. d4 Nc6 3. Nf3 Nf6 4. e5 Nd5 5. Be2 d6 6. O-O 
dxe5 7. dxe5 P@g4 8. Ng5 Nxe5 9. P@f4 Ng6 10. Nc3 P@f6 11. Nxd5 fxg5 
12. Nxc7+ Qxc7 13. N@b5 Qd7 14. Bxg4 N@d5 15. f5 Ne5 16. fxe6 fxe6 17. Bxe6 
Qxe6 18. Qxd5 Qxd5 19. Nc7+ Kd7 20. Nxd5 N@h3+ 21. gxh3 Nf3+ 22. Kh1 P@g2+ 
23. Kxg2 Nh4# 
{Tecumseh resigns} 0-1

[Event "fics rated crazyhouse match"]
[Site "fics, Oklahoma City, OK USA"]
[Date "2000.01.15"]
[White "Thufir"]
[WhiteElo "2405"]
[Black "Tecumseh"]
[BlackElo "2216"]
[TimeControl "180+0"]
[Result "1-0"]

1. e4 Nc6 2. d4 d5 3. exd5 Qxd5 4. Nf3 Bg4 5. Nc3 Bxf3 6. Nxd5 
Bxd5 7. c4 Be4 8. P@d3 Bf5 9. Be3 Rd8 10. d5 Ne5 11. Bxa7 N@f4 
12. P@e4 Bg4 13. Qa4+ Bd7 14. Qb3 N@f3+ 15. gxf3 Nxf3+ 16. Kd1 P@g2 17. Bxg2 
P@e2+ 18. Kc1 Nxg2 19. Kc2 e6 20. dxe6 Bxe6 21. P@d5 Bd7 22. P@e6 fxe6 
23. Q@h5+ B@g6 24. Qxf3 e1=N+ 25. Rhxe1 Nxe1+ 26. Rxe1 Nf6 27. N@e5 R@b4 28. Qc3 
Bd6 29. Nxg6 hxg6 30. P@f7+ Kxf7 31. N@g5+ Ke7 32. B@c5 Rb3 33. axb3 Rhf8 
34. Bxd6+ cxd6 35. dxe6 Bxe6 36. Nxe6 B@e5 37. Nxf8 Bxc3 38. R@e6+ Kxf8 39. R@h8+ 
Kf7 40. N@g5# 
{Tecumseh checkmated} 1-0

[Event "fics rated crazyhouse match"]
[Site "fics, Oklahoma City, OK USA"]
[Date "2000.01.15"]
[White "Tecumseh"]
[WhiteElo "2212"]
[Black "Thufir"]
[BlackElo "2409"]
[TimeControl "180+0"]
[Result "1-0"]

1. e4 e6 2. d4 Nc6 3. Nf3 Nf6 4. e5 Nd5 5. Be2 d6 6. exd6 
cxd6 7. O-O Be7 8. Nc3 O-O 9. P@h6 gxh6 10. Bxh6 Nxc3 11. bxc3 N@f5 
12. N@g4 P@h5 13. P@f6 hxg4 14. fxe7 Qxe7 15. Bxf8 Qxf8 16. R@g5+ P@g6 17. Rxg4 
P@h5 18. Rg5 B@f6 19. P@e5 dxe5 20. Rxf5 exf5 21. dxe5 Nxe5 22. Nxe5 Bxe5 
23. f4 Bxc3 24. B@e5 Bxe5 25. fxe5 P@g7 26. P@f6 N@c3 27. fxg7 B@b6+ 28. B@f2 
Qxg7 29. P@f6 Bxf2+ 30. Rxf2 B@c5 31. Qd8+ R@f8 32. N@e7+ Bxe7 33. fxg7 Kxg7 
34. B@f6+ Kh6 35. Q@g5# 
{Thufir checkmated} 1-0

[Event "fics rated crazyhouse match"]
[Site "fics, Oklahoma City, OK USA"]
[Date "2000.01.15"]
[White "Thufir"]
[WhiteElo "2397"]
[Black "Tecumseh"]
[BlackElo "2224"]
[TimeControl "180+0"]
[Result "1-0"]

1. e4 Nc6 2. d4 d5 3. exd5 Qxd5 4. Nf3 Bg4 5. Be2 Rd8 6. Nc3 
Bxf3 7. Nxd5 Bxd5 8. P@f3 e6 9. c4 Bxc4 10. Bxc4 Nxd4 11. B@a4+ P@c6 
12. O-O P@b5 13. Bg5 P@f6 14. Be3 N@f5 15. Bd3 bxa4 16. Bxf5 Nxf5 17. Bxa7 
Bd6 18. P@g4 Nh4 19. N@h5 B@f8 20. Q@h3 B@g5 21. g3 Ng6 22. f4 Bh6 
23. Qe2 N@b5 24. f5 Ne5 25. fxe6 fxe6 26. Be3 Bxe3 27. fxe3 B@d3 28. Qf2 
P@e2 29. Rfe1 Nh6 30. P@f3 Be4 31. fxe4 Nhxg4 32. Qxe2 P@f3 33. Qc2 f2+ 
34. Qxf2 Nxf2 35. Kxf2 Q@f3+ 36. Kg1 Ng4 37. Nxg7# 
{Tecumseh forfeits on time} 1-0

[Event "fics rated crazyhouse match"]
[Site "fics, Oklahoma City, OK USA"]
[Date "2000.01.15"]
[White "Quartr"]
[WhiteElo "2149"]
[Black "Britt"]
[BlackElo "2265"]
[TimeControl "180+0"]
[Result "0-1"]

1. e4 e6 2. Nc3 d5 3. d4 Nf6 4. exd5 Bb4 5. dxe6 Bxe6 6. Be2 
Nc6 7. Nf3 P@g4 8. Ne5 Nxd4 9. Be3 Nf5 10. Bxg4 Nxg4 11. Qxg4 Nxe3 
12. fxe3 Bxg4 
{Quartr resigns} 0-1

[Event "fics rated crazyhouse match"]
[Site "fics, Oklahoma City, OK USA"]
[Date "2000.01.15"]
[White "Quartr"]
[WhiteElo "2161"]
[Black "Britt"]
[BlackElo "2254"]
[TimeControl "180+0"]
[Result "1-0"]

1. e4 d5 2. exd5 Nf6 3. Nc3 Nxd5 4. Nxd5 Qxd5 5. d3 Nc6 6. Nf3 
e5 7. Be2 Bg4 8. N@e3 Qd7 9. h3 Bxf3 10. Bxf3 N@d4 11. B@e4 P@f4 
12. Nc4 Bc5 13. Bxc6 Nxc6 14. Bxc6 Qxc6 15. Nxe5 Qxg2 16. P@d7+ Kf8 17. P@e7+ 
Bxe7 18. Qf3 Qxf3 19. Nxf3 B@g2 20. N@e5 Bxf3 21. N@e6+ Kg8 22. Q@e8+ Rxe8 
23. dxe8=Q+ Q@f8 24. Qxf8+ Bxf8 25. Nxf3 N@g2+ 26. Kd1 N@e3+ 27. Bxe3 Nxe3+ 28. fxe3 
fxe3 29. N@h6+ gxh6 30. N@e7+ Bxe7 31. Q@g7# 
{Britt checkmated} 1-0

[Event "fics rated crazyhouse match"]
[Site "fics, Oklahoma City, OK USA"]
[Date "2000.01.15"]
[White "Britt"]
[WhiteElo "2243"]
[Black "Quartr"]
[BlackElo "2173"]
[TimeControl "180+0"]
[Result "0-1"]

1. e4 e6 2. Nf3 Be7 3. Nc3 d5 4. d4 Nf6 5. exd5 exd5 6. Bb5+ 
P@c6 7. Qe2 cxb5 8. Nxb5 B@c4 9. P@d3 Bxb5 10. a4 Bbd7 11. Bf4 Nc6 
12. P@g5 Ng8 13. O-O Bg4 14. Rfe1 Bxf3 15. Qxf3 Nxd4 16. Qd1 P@e2 17. Rxe2 
Nxe2+ 18. Qxe2 N@d4 19. Qe5 N@f3+ 20. gxf3 Nxf3+ 21. Kh1 Nxe5 22. Bxe5 Bxg5 
23. B@f3 P@f6 24. Bd4 R@c1+ 25. Rxc1 Bxc1 26. R@e1+ Qe7 27. Rxe7+ Nxe7 28. N@d6+ 
cxd6 29. N@c7+ Kd8 30. Ne6+ Bxe6 31. P@c7+ Ke8 32. Q@b8+ R@c8 33. Qxb7 R@f1+ 
34. N@g1 Rxg1+ 35. Kxg1 N@h3+ 36. Kf1 Q@g1+ 37. Ke2 N@f4# 
{Britt checkmated} 0-1

[Event "fics rated crazyhouse match"]
[Site "fics, Oklahoma City, OK USA"]
[Date "2001.01.15"]
[White "pminear"]
[WhiteElo "2460"]
[Black "JiggaB"]
[BlackElo "2272"]
[TimeControl "60+0"]
[Result "0-1"]

1. e4 d5 2. exd5 Qxd5 3. Nc3 Qd8 4. d4 Nf6 5. Nf3 e6 6. Be2 
Nc6 7. O-O Be7 8. P@e5 Nd5 9. Nxd5 exd5 10. N@h5 Rg8 11. Nf4 Bf5 
12. Bb5 P@e4 13. Nd2 N@e6 14. Nxe6 Bxe6 15. N@a5 Bd7 16. Nxb7 Rb8 17. Nxd8 
Rxd8 18. Nb3 N@c4 19. Bxc4 dxc4 20. Nd2 B@d5 21. N@e3 B7e6 22. Nxd5 Bxd5 
23. B@b5 N@b8 24. Nxc4 Bxc4 25. Bxc4 N@e6 26. Bxe6 fxe6 27. B@h3 B@f7 28. P@g4 
Nxd4 29. P@f5 P@e2 30. Qxe2 Nxe2+ 31. Kh1 N@d3 32. cxd3 exd3 33. Be3 P@c2 
34. fxe6 Ng3+ 35. hxg3 Bxe6 36. P@f5 Q@f7 37. N@f4 P@f3 38. fxe6 Qxe6 39. Kh2 
Kd7 40. Kg1 Kc6 41. Kh2 Kb7 42. N@c5+ Kc8 
{pminear forfeits on time} 0-1